 Dungeon Crawl Stone Soup version 0.32-a0-519-g08f29ac1c3 (webtiles) character file.

Game seed: 3153605527339059054

200 Alarak the Covered (level 5, -12/39 HPs)
             Began as a Barachi Hunter on Feb 29, 2024.
             Mangled by a two-headed ogre
             ... wielding a +0 giant club
              (20 damage)
             ... on level 4 of the Dungeon.
             The game lasted 00:06:39 (2305 turns).

Alarak the Covered (Barachi Hunter)                 Turns: 2305, Time: 00:06:39

Health: -12/39     AC:  7    Str: 18    XL:     5   Next: 79%
Magic:  5/5        EV: 11    Int: 10    God:
Gold:   165        SH:  0    Dex: 17    Spells: 4/4 levels left

rFire   . . .        a - +1 shortbow
rCold   . . .        (shield currently unavailable)
rNeg    . . .        j - +0 ring mail
rPois   .            (no helmet)
rElec   .            b - +0 cloak
rCorr   .            (no gloves)
SInv    .            (no boots)
Will    .....        m - amulet of the acrobat
Stlth   +            f - +6 ring of strength
HPRegen 0.26/turn    (no ring)
MPRegen 0.09/turn

%: acrobat
@: unable to hop, slow
A: amphibious, slowness 1, strong legs 1, +LOS
a: Hop


You were on level 4 of the Dungeon.
You visited 1 branch of the dungeon, and saw 4 of its levels.

You collected 165 gold pieces.

Inventory:

Hand Weapons
 a - a +1 shortbow (weapon)
 q - a +4 quarterstaff of chaos
Missiles
 d - 2 poisoned darts
Armour
 b - a +0 cloak (worn)
 c - a +1 leather armour
 j - a +0 ring mail (worn)
Jewellery
 f - a +6 ring of strength (left hand)
 m - an amulet of the acrobat (around neck)
 p - a ring of ice
Scrolls
 n - a scroll of amnesia
 o - 2 scrolls of identify
Potions
 e - a potion of invisibility
 g - a potion of might {unknown}
 h - a potion of curing {unknown}
 i - a potion of enlightenment {unknown}
 k - a potion of brilliance {unknown}


   Skills:
 - Level 2.4 Fighting
 - Level 4.8 Ranged Weapons
 + Level 5.5 Armour
 - Level 2.1 Dodging
 - Level 0.8 Stealth


You had 4 spell levels left.
You didn't know any spells.
Your spell library was empty.

Dungeon Overview and Level Annotations

Branches:
Dungeon (4/15)
 Temple: D:4-7

Altars:

Shops:
D:1 [


Innate Abilities, Weirdness & Mutations

You are amphibious.
You cover ground slowly.
You can hop short distances.
You have an extended range of vision and can be seen from far away.


Message History

You shoot an arrow. The arrow hits the orc.
The orc is severely wounded.
You shoot an arrow. The arrow hits the orc.
You kill the orc!
No target in view!
Things that are here:
a +0 hand axe; a +0 chain mail A two-headed ogre comes into view.
It is wielding a +0 giant club and a +0 giant spiked club.
You shoot an arrow.
The arrow barely misses the two-headed ogre.
Things that are here:
a +0 hand axe; a +0 chain mail You shoot an arrow.
The arrow completely misses the two-headed ogre.
The two-headed ogre hits you with a +0 giant club.
The two-headed ogre hits you with a +0 giant spiked club!
You shoot an arrow. The arrow hits the two-headed ogre.
The two-headed ogre is lightly wounded.
You shoot an arrow. The arrow hits the two-headed ogre.
The two-headed ogre is lightly wounded.
The two-headed ogre misses you. The two-headed ogre barely misses you.
You shoot an arrow. The arrow hits the two-headed ogre.
The two-headed ogre is lightly wounded.
The two-headed ogre closely misses you.
The two-headed ogre hits you with a +0 giant spiked club.
You shoot an arrow.
The arrow completely misses the two-headed ogre.
The two-headed ogre hits you with a +0 giant club!
* * * LOW HITPOINT WARNING * * *
The two-headed ogre hits you with a +0 giant spiked club.
* * * LOW HITPOINT WARNING * * *
The two-headed ogre completely misses you.
The two-headed ogre misses you.
You shoot an arrow.
The arrow barely misses the two-headed ogre.
You shoot an arrow. The arrow hits the two-headed ogre.
The two-headed ogre is moderately wounded.
The two-headed ogre hits you with a +0 giant club!!
Ouch! That really hurt!
You die...

*****,*,**...#.###..# #.#**####
*+##*,,#.#..#.#.# #.#*.####
*****,....##........#####)#...###
ß,,ß**,,,+..............†........
,,,,ß*,>,####...#########.#...###
,,,,,+,,** ##..#### **#.##.####
,,,,,+,,* #.....# *>...,...*
,,,,ß*,** #..##.#***,#.##*#.#
ß,,ß**,* #..@#,..**,#.#* *.#
*****,,******#)#O#,*.#*,#..* *,#
,,,,,,,,,,,*,#.#.#,*,#,*.#.***,*
*,,*,,****#......$.....,.,.>**,**
**,,,,*#...#.#.#.#.#.#.*,*,*,,,,,
**,,,,,#.*#.........,,,,,,,,,,*,,
,,,,,,,,,*##,#.#.#.#.*,*,*,*,,*,*
****,,,,,,,,,.........,,,,,,,,*,*
*,*******,#.#.#,#.#.*,*,*,,,,*


You could see a two-headed ogre.

Vanquished Creatures
  A bombardier beetle (D:3)
  Crazy Yiuf (D:3)
  An iguana (D:3)
  2 orc wizards (D:3)
  2 adders (D:3)
  4 orcs
  4 endoplasms
  2 giant cockroaches (D:1)
  3 goblins
  A hobgoblin (D:3)
  2 kobolds
  3 quokkas
  6 ball pythons
  6 bats
  4 frilled lizards
  5 rats
47 creatures vanquished.

Notes
Turn   | Place    | Note
-------+----------+-------------------------------------------
     0 | D:1      | Alarak the Barachi Hunter began the quest for the Orb.
     0 | D:1      | Reached XP level 1. HP: 17/17 MP: 1/1
    64 | D:1      | Found Plog's Armour Emporium.
   147 | D:1      | Reached XP level 2. HP: 23/23 MP: 2/2
   977 | D:3      | Noticed a bombardier beetle
   981 | D:3      | Killed a bombardier beetle
   982 | D:3      | Reached skill level 2 in Armour
   982 | D:3      | Reached XP level 3. HP: 17/28 MP: 3/3
  1093 | D:3      | Reached XP level 4. HP: 34/34 MP: 4/4
  1142 | D:3      | Reached skill level 3 in Armour
  1270 | D:3      | Found a runed translucent door.
  1271 | D:3      | Noticed Crazy Yiuf
  1402 | D:3      | Reached skill level 4 in Armour
  1402 | D:3      | Reached XP level 5. HP: 29/39 MP: 5/5
  1765 | D:3      | Reached skill level 5 in Armour
  2093 | D:3      | Killed Crazy Yiuf
  2294 | D:4      | Noticed a two-headed ogre
  2305 | D:4      | Mangled by a two-headed ogre

Illustrated notes

Levels and vault maps discovered:
D:1:      wander_arrival_fairy_ring, layout_basic, serial_shops, shop
D:2:      layout_basic
D:3:      layout_loops_ring, uniq_crazy_yiuf_cottage
D:4:      layout_loops_corners, mainiacjoe_sewer_entry_somewhere_in_here_2,
          kennysheep_diamond, st_stairs_12, minmay_hollow_rounded_squares,
          uniq_grinder

Skill      XL: |  1  2  3  4  5 |
---------------+----------------+-----
Armour         | 2 4 5 |  5.5
Fighting       | |  2.4
Ranged Weapons | |  4.8
Dodging        | |  2.1
Stealth        | |  0.8

Action                     |  1- 3 |  4- 6 || total
---------------------------+-------+-------++-------
   Fire: Shortbow          |    62 |    93 ||   155
Ability: Hop               |       |     4 ||     4
    Use: Scroll            |     7 |     3 ||    10
 Armour: Leather armour    |     6 |       ||     6
         Ring mail         |       |    34 ||    34
  Dodge: Dodged            |     8 |    20 ||    28
         Repelled          |       |     1 ||     1

Table legend: (Time is in decaauts)
 A = Elapsed time spent in this place.
 B = Non-inter-level travel time spent in this place.
 C = Inter-level travel time spent in this place.
 D = Time resting spent in this place.
 E = Time spent auto-exploring this place.
 F = Levels seen in this place.
 G = Mean time per level.
                   A        B        C        D        E       F      G
               +--------+--------+--------+--------+--------+-----+--------+
         Total |   2663 |   2488 |    175 |    368 |   1753 |   4 |  665.8 |
       Dungeon |   2663 |   2488 |    175 |    368 |   1753 |   4 |  665.8 |
               +--------+--------+--------+--------+--------+-----+--------+

Top non-repeatable levels by time:
     D:3: 1394 daAuts
     D:1: 610 daAuts
     D:2: 577 daAuts
     D:4: 82 daAuts
